 Dungeon Crawl Stone Soup version 0.24-a0-781-g048a31f (webtiles) character file.

Game seed: 11766944130592306455, levelgen mode: deterministic

80 Dorkslayer the Skirmisher (level 4, 0/33 HPs)
             Began as an Octopode Fighter on Sept 20, 2019.
             Slain by Sigmund
             ... wielding a +0 scythe
              (6 damage)
             ... on level 3 of the Dungeon on Oct 8, 2019.
             The game lasted 00:08:16 (1653 turns).

Dorkslayer the Skirmisher (Octopode Fighter)        Turns: 1653, Time: 00:08:17

Health: 0/33       AC:  1    Str: 16    XL:     4   Next: 39%
Magic:  0/4        EV: 12    Int: 10    God:
Gold:   52         SH:  0    Dex: 11    Spells: 3/3 levels left

rFire    . . .     SeeInvis .   a - +0 long sword
rCold    . . .     Gourm    .   b - +0 shield
rNeg     . . .     Faith    .   (helmet restricted)
rPois    .         Spirit   +   c - amulet of guardian spirit
rElec    .         Reflect  .   (no ring)
rCorr    .         Harm     .   (no ring)
MR       .....                  (no ring)
Stlth    ++........             (no ring)
HPRegen  0.11/turn              (no ring)
MPRegen  0.09/turn              (no ring)
                                (no ring)
                                (no ring)

@: confused, berserk cooldown, slowed, very slow
A: almost no armour, stealthy swim, amphibious, 8 rings, constrict 8, camouflage
1, gelatinous body 1
a: no special abilities


You were on level 3 of the Dungeon.
You were not hungry.

You visited 1 branch of the dungeon, and saw 3 of its levels.

You collected 52 gold pieces.

Inventory:

Hand Weapons
 a - a +0 long sword (weapon)
Armour
 b - a +0 shield (worn)
Jewellery
 c - an amulet of guardian spirit (around mantle)
Scrolls
 e - a scroll of teleportation {unknown}
 g - a scroll of immolation {unknown}
 h - 3 scrolls of identify
 i - a scroll of remove curse {unknown}
 k - a scroll of fear {unknown}
Comestibles
 d - 6 rations


   Skills:
 * Level 3.7 Fighting
 + Level 2.8 Long Blades
 + Level 3.4 Dodging
 + Level 1.6 Stealth
 + Level 3.3 Shields


You had 3 spell levels left.
You didn't know any spells.
Your spell library was empty.

Dungeon Overview and Level Annotations

Branches:
Dungeon (3/15)

Altars:
Fedhas
Xom

Annotations:
D:3 Sigmund


Innate Abilities, Weirdness & Mutations

You cannot wear most types of armour.
You are very stealthy in the water. (Stealth+)
You are amphibious.
You can wear up to eight rings at the same time.
You can use your tentacles to constrict eight enemies at once.
Your skin changes colour to match your surroundings (Stealth+).
Your rubbery body absorbs attacks. (AC +1, EV +1)


Message History

The orc is lightly wounded.
You feel less confused. The orc hits you. Sigmund closely misses you.
The orc closely misses you.
You riposte.
You hit the orc. Your grab misses the orc.
The orc is almost dead.
Sigmund gestures at you while chanting.
You are confused.
Sigmund gestures wildly while chanting.
Sigmund flickers and vanishes!
Deactivating autopickup; reactivate with Ctrl-A.
The ooze hits you.
* * * LOW HITPOINT WARNING * * *
The orc hits you.
* * * LOW HITPOINT WARNING * * *
You miss the orc.
The orc is almost dead.
Something completely misses you. The orc closely misses you. The ooze hits you.
* * * LOW HITPOINT WARNING * * *
Something hits you!
You die...

.. ...# ........#
.......# ..#....
####.#.#.# .........#
.....#.#########
#######.#.#..........
.......@o{)...%....$.
........J............
..........#.#<##....
##.#(##.#.#.#.# #..
..........#.#..
##.#.##.###.#### #.#
#.. #[. # ### ###


You could see an ooze and an orc.

Vanquished Creatures
  2 adders (D:2)
  A worm (D:2)
  3 dart slugs
  A leopard gecko (D:3)
  3 orcs (D:3)
  6 bats
  2 giant cockroaches (D:1)
  6 goblins
  6 hobgoblins
  2 jackals (D:1)
  A quokka (D:2)
  A frilled lizard (D:1)
  8 kobolds
  4 rats
46 creatures vanquished.

Notes
Turn   | Place    | Note
-------+----------+-------------------------------------------
     0 | D:1      | Dorkslayer the Octopode Fighter began the quest for the
                  | Orb.
     0 | D:1      | Reached XP level 1. HP: 16/16 MP: 1/1
   175 | D:1      | Reached XP level 2. HP: 15/21 MP: 2/2
   391 | D:1      | Reached XP level 3. HP: 22/26 MP: 3/3
   604 | D:1      | Reached skill level 1 in Stealth
   972 | D:2      | Reached XP level 4. HP: 24/33 MP: 4/4
  1191 | D:2      | Upgraded the game from 0.24-a0-631-g346d576 to
                  | 0.24-a0-781-g048a31f
  1306 | D:2      | Found a blossoming altar of Fedhas.
  1306 | D:2      | Found a shimmering altar of Xom.
  1637 | D:3      | Noticed Sigmund
  1640 | D:3      | Noticed a bullfrog
  1653 | D:3      | Slain by Sigmund

Levels and vault maps discovered:
D:1:      lightli_arrival_statuegarden, layout_loops_cross
D:2:      layout_basic, gammafunk_temple_overflow_pools, first_ration
D:3:      layout_basic, minmay_crystal_water, uniq_crazy_yiuf_cottage,
          uniq_sigmund, uniq_robin

Skill      XL: |  1  2  3 |
---------------+----------+-----
Stealth        | 1 |  1.6
Fighting       | |  3.7
Long Blades    | |  2.8
Dodging        | |  3.4
Shields        | |  3.3

Action                   |  1- 3 |  4- 6 || total
-------------------------+-------+-------++-------
Melee: Long sword        |    65 |    17 ||    82
       Tentacles         |    20 |     4 ||    24
       Constrict         |    18 |     6 ||    24
Throw: Javelin           |       |     3 ||     3
  Use: Potion            |     2 |     1 ||     3
       Scroll            |       |     1 ||     1
 Stab: Sleeping          |    11 |       ||    11
  Eat: Chunk             |       |     2 ||     2
Armor: Skin              |     5 |     1 ||     6
Dodge: Dodged            |    27 |    10 ||    37
Block: Shield            |    29 |     5 ||    34
       Rpst.: Long sword |    12 |     2 ||    14

Table legend:
 A = Non-vault XP
 B = Vault XP
 C = Vault XP percentage of total XP
 D = Non-vault monster count
 E = Vault monster count
 F = Vault count percentage of total count
                 A         B        C        D         E       F
            +---------+---------+-------+---------+---------+-------
      Total |     115 |       0 |   0.0 |      46 |       0 |   0.0
            +---------+---------+-------+---------+---------+-------
        D:1 |      53 |       0 |   0.0 |      29 |       0 |   0.0
        D:2 |      50 |       0 |   0.0 |      13 |       0 |   0.0
        D:3 |      12 |       0 |   0.0 |       4 |       0 |   0.0
            +---------+---------+-------+---------+---------+-------
